 Dungeon Crawl Stone Soup version 0.29-a0-393-g47a863cc1b (webtiles) character file.

Game seed: 17420327837853631076

5 trckry the Caller (level 1, 0/7 HPs)
             Began as a Felid Summoner on May 11, 2022.
             Was a Follower of Wu Jian.
             Slain by a ball python (2 damage)
             ... on level 1 of the Dungeon.
             The game lasted 00:01:36 (394 turns).

trckry the Caller (Felid Summoner)                   Turns: 394, Time: 00:01:37

Health: 0/7        AC:  1    Str:  4    XL:     1   Next: 66%
Magic:  4/4        EV: 17    Int: 16    God:    Wu Jian [*.....]
Gold:   62         SH:  5    Dex: 16    Spells: 3/4 levels left
                                        Lives:  0   Deaths: 0

rFire   . . .      SeeInvis +   (weapon unavailable)
rCold   . . .      Faith    .   (shield unavailable)
rNeg    . . .      Spirit   .   (body armour unavailable)
rPois   .          Reflect  +   (helmet unavailable)
rElec   .          Harm     .   (cloak unavailable)
rCorr   .          Rampage  .   (gloves unavailable)
Will    .....                   (boots unavailable)
Stlth   ++........              d - amulet of reflection
HPRegen 0.02/turn               (no ring)
MPRegen 0.09/turn               (no ring)

@: quick
A: very small, claws 1, fangs 3, see invisible, speed 1, shaggy fur 1, stealthy
paws, no weapons or thrown items, no armour, multi-lived
a: Renounce Religion


You were on level 1 of the Dungeon.
You worshipped Wu Jian.
Wu Jian was aware of your devotion.
You visited 1 branch of the dungeon, and saw 1 of its levels.

You collected 62 gold pieces.

Inventory:

Jewellery
 d - an amulet of reflection (around neck)
Wands
 e - a wand of iceblast (10)
Scrolls
 b - a scroll of teleportation {unknown}
 c - a scroll of noise {unknown}
 k - a scroll of identify {unknown}
 m - a scroll of vulnerability {unknown}
Potions
 a - a potion of magic
 f - a potion of resistance {unknown}
 g - a potion of flight {unknown}
 h - 2 potions of attraction {unknown}
 i - a potion of brilliance {unknown}
 j - a potion of ambrosia {unknown}
 l - a potion of heal wounds {unknown}
 n - a potion of lignification {unknown}


   Skills:
 - Level 2.6 Dodging
 - Level 2.6 Stealth
 + Level 2.1 Spellcasting
 * Level 4.2 Summonings


You had 3 spell levels left.
You knew the following spells:

 Your Spells              Type           Power      Damage    Failure   Level
a - Summon Small Mammal   Summ           60%        N/A       3%          1

Your spell library contained the following spells:

 Spells                   Type           Power      Damage    Failure   Level
 Call Imp                 Summ           15%        N/A       5%          2
 Call Canine Familiar     Summ           15%        N/A       11%         3
 Summon Guardian Golem    Hex/Summ       8%         N/A       26%         3
 Summon Lightning Spire   Summ/Air       8%         N/A       65%         4


Dungeon Overview and Level Annotations

Branches:
Dungeon (1/15)

Altars:
Wu Jian


Innate Abilities, Weirdness & Mutations

You have sharp claws.
You have razor-sharp teeth.
You have supernaturally acute eyesight. (SInv)
You cover ground quickly. (Speed+)
You are covered in fur. (AC +1)
Your paws help you pounce on unaware monsters.
You are incapable of wielding weapons or throwing items.
You cannot wear armour.
You gain extra lives every three experience levels.


Message History

The bat barely misses you.
You scratch the bat. Your bite misses the bat.
The bat is severely wounded.
The bat completely misses you. You block the bat's attack.
The ball python barely misses you. The ball python completely misses you.
Your unstable footing causes you to fumble your attack.
The ball python misses you. You block the ball python's attack.
You closely miss the bat. You bite the bat.
You kill the bat!
The Council accepts your kill. The ball python completely misses you.
The ball python closely misses you.
Your unstable footing causes you to fumble your attack.
You block the ball python's attack. The ball python grabs you.
The ball python constricts you.
Your unstable footing causes you to fumble your attack.
The ball python barely misses you. The ball python constricts you.
You take 1 damage, and have 5/7 hp.
Your unstable footing causes you to fumble your attack.
You block the ball python's attack. The ball python constricts you.
The ball python bites you but does no damage.
The ball python constricts you.
You take 1 damage, and have 4/7 hp.
You escape the ball python's grasp.
The ball python attacks as you move away!
The ball python bites you but does no damage.
The ball python misses you. The ball python closely misses you.
You block the ball python's attack. The ball python barely misses you.
The ball python grabs you. The ball python constricts you.
You take 1 damage, and have 3/7 hp.
You escape the ball python's grasp.
The ball python barely misses you. The ball python closely misses you.
You closely miss the ball python. The ball python bites you.
* * * LOW HITPOINT WARNING * * *
You block the ball python's attack.
You take 1 damage, and have 2/7 hp.
You scratch the ball python. Your bite misses the ball python.
The ball python is moderately wounded.
The ball python bites you.
You die...

#...........##....# #.(.#
####.#######...##....# ##...
#.........#######....# #..#
#...<.....##...#P≈≈..#######..
#.........##...≈♣≈♣≈.+........
#.........##...P≈≈≈..#######..
#....8....##...#..P..# ##.
#.....♣....#.S.#.....# #.
#..........#.@.##....# ####
#..........#...##....# #...
#..............+.#.### #.##
###.#...#.#.# #.## #.#...#.#.#
#... # #...#.#.# ##..
#.#.......# ###..
#.....#.....# #...#
#####.##.##.# #.#..


You could see a ball python.

Vanquished Creatures
  A hobgoblin (D:1)
  A bat (D:1)
  A rat (D:1)
3 creatures vanquished.

Vanquished Creatures (collateral kills)
  A goblin (D:1)
  A ball python (D:1)
  A frilled lizard (D:1)
3 creatures vanquished.

Grand Total: 6 creatures vanquished

Notes
Turn   | Place    | Note
-------+----------+-------------------------------------------
     0 | D:1      | trckry the Felid Summoner began the quest for the Orb.
     0 | D:1      | Reached XP level 1. HP: 7/7 MP: 4/4
    44 | D:1      | Found a faded altar of an unknown god.
    59 | D:1      | Prayed at the altar of an unknown god.
    59 | D:1      | Became a worshipper of the Wu Jian Council
    59 | D:1      | Reached * piety under Wu Jian
   394 | D:1      | Slain by a ball python

Illustrated notes

Levels and vault maps discovered:
D:1:      wander_arrival_lonely_grave, layout_basic,
          hellmonk_ecumenical_altar_lost_god, serial_bayou_pond_d

Action                   || total
-------------------------++-------
Melee: Unarmed           ||    13
       Bite              ||     2
 Cast: Summon Small Mamm ||     3
 Stab: Sleeping          ||     1
Armor: Skin              ||     2
Dodge: Dodged            ||    17
Block: Other             ||     6

Table legend: (Time is in decaauts)
 A = Elapsed time spent in this place.
 B = Non-inter-level travel time spent in this place.
 C = Inter-level travel time spent in this place.
 D = Time resting spent in this place.
 E = Time spent auto-exploring this place.
 F = Levels seen in this place.
 G = Mean time per level.
                   A        B        C        D        E       F      G
               +--------+--------+--------+--------+--------+-----+--------+
         Total |    340 |    340 |      0 |      0 |    210 |   1 |  340.0 |
       Dungeon |    340 |    340 |      0 |      0 |    210 |   1 |  340.0 |
               +--------+--------+--------+--------+--------+-----+--------+

Top non-repeatable levels by time:
     D:1: 340 daAuts
